 Dungeon Crawl Stone Soup version 0.25-a0-426-g7d9e569eea (webtiles) character file.

Game seed: 12315086799155273851, levelgen mode: deterministic

55 BeastOfSaturn the Ruffian (level 3, -1/28 HPs)
             Began as a Draconian Transmuter on Jan 25, 2020.
             Slain by Robin
             ... wielding a +0 falchion
              (6 damage)
             ... on level 2 of the Dungeon.
             The game lasted 00:05:28 (1257 turns).

BeastOfSaturn the Ruffian (Draconian Transmuter)    Turns: 1257, Time: 00:05:28

Health: -1/28      AC:  6    Str: 13    XL:     3   Next: 67%
Magic:  6/6        EV: 12    Int: 13    God:
Gold:   135        SH:  0    Dex: 11    Spells: 5/6 levels left

rFire    . . .     SeeInvis .     - Unarmed
rCold    . . .     Gourm    .   (no shield)
rNeg     . . .     Faith    .   (armour unavailable)
rPois    .         Spirit   .   (helmet restricted)
rElec    .         Reflect  .   (no cloak)
rCorr    .         Harm     .   (no gloves)
MR       .....                  g - +0 pair of boots
Stlth    +.........             (no amulet)
HPRegen  0.09/turn              (no ring)
MPRegen  0.10/turn              (no ring)

@: no status effects
A: unfitting armour, cold-blooded, AC +5
a: no special abilities


You were on level 2 of the Dungeon.
You were hungry.

You visited 1 branch of the dungeon, and saw 2 of its levels.

You collected 135 gold pieces.

Inventory:

Hand Weapons
 a - a +0 hunting sling
Missiles
 f - 12 arrows
 j - 38 stones (quivered)
Armour
 g - a +0 pair of boots (worn)
 k - a +1 helmet
Scrolls
 b - a scroll of identify
 e - a scroll of magic mapping {unknown}
Potions
 d - a potion of curing {unknown}
 i - a potion of lignification {unknown}
Comestibles
 c - 2 rations


   Skills:
 * Level 1.6 Fighting
 * Level 2.5 Dodging
 * Level 3.9 Unarmed Combat
 + Level 2.1 Spellcasting
 + Level 2.0 Transmutations


You had 5 spell levels left.
You knew the following spells:

 Your Spells              Type           Power        Failure   Level  Hunger
a - Beastly Appendage     Tmut           #.....       11%         1    ##.....

Your spell library contained the following spells:

 Spells                   Type           Power        Failure   Level  Hunger
 Sticks to Snakes         Tmut           #.......     16%         2    ###....
 Spider Form              Tmut/Pois      #.........   45%         3    ####...
 Ice Form                 Ice/Tmut       #.......     86%         4    #####..
 Blade Hands              Tmut           #.........   96%         5    ######.


Dungeon Overview and Level Annotations

Branches:
Dungeon (2/15)

Altars:
Okawaru

Annotations:
D:2 Robin


Innate Abilities, Weirdness & Mutations

Your plain brown scales are hard. (AC +5)
You cannot fit into any form of body armour.
You are cold-blooded and may be slowed by cold attacks.


Message History

A frilled lizard comes into view.
Things that are here:
a +0 club; a goblin corpse The hobgoblin shouts!
The goblin shouts!
The frilled lizard hisses angrily.
You punch Robin! You headbutt Robin.
Robin is heavily wounded.
Your horns disappear.
Robin hits you with a +0 falchion!
* * * LOW HITPOINT WARNING * * *
The goblin hits you with a +0 club.
* * * LOW HITPOINT WARNING * * *
As you read the scroll labeled AQOCA ZOQOMER, it crumbles to dust.
It is a scroll of identify.
k - a +1 helmet Robin hits you but does no damage.
The goblin closely misses you.
You hit Robin.
Robin is almost dead.
Robin hits you with a +0 falchion.
You die...

.. .. #######.#...
#.......#... ####...........
............. #..ggl.# .##
#..ggs.# ... #########g### ..
#....†..g@############..
...##.#†##########............
............g...g.g...........
...##..###..>.....##########..
#.......######## ........##
.........# ......... ....#####


You could see Robin, a giant cockroach, 2 hobgoblins, 3 goblins and a frilled
lizard.

Vanquished Creatures
  An adder (D:2)
  An ooze (D:1)
  2 dart slugs (D:1)
  3 leopard geckos
  4 bats (D:1)
  3 giant cockroaches (D:1)
  5 goblins
  5 hobgoblins
  2 frilled lizards (D:1)
  5 kobolds (D:1)
  2 rats (D:1)
33 creatures vanquished.

Notes
Turn   | Place    | Note
-------+----------+-------------------------------------------
     0 | D:1      | BeastOfSaturn the Draconian Transmuter began the quest for
                  | the Orb.
     0 | D:1      | Reached XP level 1. HP: 16/16 MP: 3/3
   126 | D:1      | Reached XP level 2. HP: 13/23 MP: 3/5
   515 | D:1      | You fall into a shaft and drop 1 floor!
   515 | D:2      | Found an iron altar of Okawaru.
   515 | D:2      | Noticed Robin
   741 | D:1      | Reached XP level 3. HP: 22/28 MP: 4/6
  1257 | D:2      | Slain by Robin

Levels and vault maps discovered:
D:1:      zaba_arrival_water, layout_basic, hangedman_decor_points
D:2:      layout_rooms, okawaru_metal_pillars_3, nicolae_tso_carved_into_rock,
          first_ration, minmay_octomino_e4, uniq_robin

Skill      XL: |  1  2 |
---------------+-------+-----
Dodging        | 2 |  2.5
Fighting       | |  1.6
Unarmed Combat | |  3.9
Spellcasting   | |  2.1
Transmutations | |  2.0

Action                   || total
-------------------------++-------
Melee: Unarmed           ||   113
       Headbutt          ||    10
       Kick              ||     4
       Tailslap          ||     9
       Punch             ||     1
 Fire: Hunting sling     ||     6
 Cast: Beastly Appendage ||    15
  Use: Scroll            ||     1
  Eat: Chunk             ||     1
Armor: Skin              ||    45
Dodge: Dodged            ||    66

Table legend:
 A = Non-vault XP
 B = Vault XP
 C = Vault XP percentage of total XP
 D = Non-vault monster count
 E = Vault monster count
 F = Vault count percentage of total count
                 A         B        C        D         E       F
            +---------+---------+-------+---------+---------+-------
      Total |      72 |       7 |   8.9 |      29 |       4 |  12.1
            +---------+---------+-------+---------+---------+-------
        D:1 |      53 |       2 |   3.6 |      26 |       1 |   3.7
        D:2 |      19 |       5 |  20.8 |       3 |       3 |  50.0
            +---------+---------+-------+---------+---------+-------
